 Dungeon Crawl Stone Soup version 0.27-a0-277-g024f7ef292 (webtiles) character file.

Game seed: 10773830909058785632

94 siradein the Changer (level 4, -8/28 HPs)
             Began as an Octopode Transmuter on Feb 5, 2021.
             Killed from afar by Sigmund (10 damage)
             ... with a magic dart
             ... on level 2 of the Dungeon.
             The game lasted 00:04:01 (1928 turns).

siradein the Changer (Octopode Transmuter)          Turns: 1928, Time: 00:04:02

Health: -8/28      AC:  1    Str:  9    XL:     4   Next: 63%
Magic:  6/7        EV: 13    Int: 16    God:
Gold:   29         SH:  0    Dex: 12    Spells: 3/7 levels left

rFire    . . .     SeeInvis .   b - +2 dagger (venom)
rCold    . . .     Faith    .   (no shield)
rNeg     . . .     Spirit   .   (helmet currently unavailable)
rPois    .         Reflect  .   (no amulet)
rElec    .         Harm     .   (no ring)
rCorr    .         Rampage  .   (no ring)
Will     .....                  (no ring)
Stlth    ++........             (no ring)
HPRegen  0.09/turn              (no ring)
MPRegen  0.10/turn              (no ring)
                                (no ring)
                                (no ring)

@: appendages
A: almost no armour, stealthy swim, amphibious, 8 rings, constrict 8, tentacle
spike 3, camouflage 1, gelatinous body 1
a: End Transformation


You were on level 2 of the Dungeon.
One of your tentacles had a temporary spike.
You visited 1 branch of the dungeon, and saw 2 of its levels.

You collected 29 gold pieces.

Inventory:

Hand Weapons
 b - a +2 dagger of venom (weapon)
Scrolls
 a - a scroll of fear {unknown}
 c - 3 scrolls of identify {unknown}
 d - a scroll of enchant weapon {unknown}
 e - 3 scrolls of enchant armour {unknown}
 h - a scroll of blinking {unknown}
 i - a scroll of amnesia {unknown}
 k - a scroll of noise {unknown}
Potions
 f - a potion of haste {unknown}
 g - 2 potions of curing
 j - a potion of might {unknown}
 l - a potion of attraction {unknown}


   Skills:
 - Level 1.0 Fighting
 - Level 2.0 Dodging
 - Level 3.0 Unarmed Combat
 - Level 2.0 Spellcasting
 + Level 4.7 Transmutations


You had 3 spell levels left.
You knew the following spells:

 Your Spells              Type           Power        Failure   Level
a - Beastly Appendage     Tmut           32%          3%          1
b - Spider Form           Tmut/Pois      4%           24%         3

Your spell library contained the following spells:

 Spells                   Type           Power        Failure   Level
 Wereblood                Tmut           16%          4%          2
 Ice Form                 Ice/Tmut       9%           61%         4
 Blade Hands              Tmut           8%           63%         5


Dungeon Overview and Level Annotations

Branches:
Dungeon (2/15)

Altars:
Dithmenos

Annotations:
D:2 Sigmund


Innate Abilities, Weirdness & Mutations

You cannot wear most types of armour.
You are very stealthy in the water. (Stealth+)
You are amphibious.
You can wear up to eight rings at the same time.
You can use your tentacles to constrict eight enemies at once.
Your skin changes colour to match your surroundings (Stealth+).
Your rubbery body absorbs attacks. (AC +1, EV +1)
One of your tentacles bears a large vicious spike.


Message History

One of your tentacles grows a vicious spike.
You constrict the gnoll. The gnoll closely misses you. Something hits you.
You hit the gnoll but do no damage.
The gnoll is poisoned.
You squeeze the gnoll.
The gnoll is heavily wounded.
You constrict the gnoll. The gnoll hits you with a +0 whip.
You hit the gnoll.
The gnoll looks as sick as possible!
You squeeze the gnoll.
You kill the gnoll!
Something hits you.
* * * LOW HITPOINT WARNING * * *
Something hits you!
* * * LOW HITPOINT WARNING * * *
Things that are here:
a +0 whip; 21 stones You hit something but do no damage.
Your tentacle spike misses something.
Unknown command.
You hear some strange, mumbled words.
A magic dart appears from out of thin air!
The magic dart hits you!
You die...

..##########.###.#####.#
.....#.........#<......#
...#.#.#.##......#######
.....#.#.##....###
...............#
.....#.#..#....# #
...#.#.........# .#
[....####.############.#
###### #...# #@{.....# #...#
#)##..†.### ##### #...#
#.##<##...## ....#
#...#####.##.........
###.####...#...#.##..#...#..
# ...............†.....## .
# ...............?..##....
........†....###..# ##.
###.####..)#...## #..#


There were no monsters in sight!

Vanquished Creatures
  3 gnolls
  2 adders (D:2)
  2 worms (D:2)
  A dart slug (D:1)
  5 leopard geckos
  2 giant cockroaches
  2 goblins
  3 hobgoblins
  4 jackals (D:1)
  A quokka (D:2)
  A bat (D:2)
  3 kobolds (D:1)
  10 rats
39 creatures vanquished.

Notes
Turn   | Place    | Note
-------+----------+-------------------------------------------
     0 | D:1      | siradein the Octopode Transmuter began the quest for the
                  | Orb.
     0 | D:1      | Reached XP level 1. HP: 13/13 MP: 3/3
   283 | D:1      | Reached XP level 2. HP: 14/18 MP: 3/5
   429 | D:1      | Reached skill level 3 in Transmutations
   735 | D:1      | Reached XP level 3. HP: 23/23 MP: 4/6
  1225 | D:2      | Found a shadowy altar of Dithmenos.
  1256 | D:2      | Reached skill level 4 in Transmutations
  1260 | D:2      | Reached XP level 4. HP: 3/28 MP: 7/7
  1518 | D:2      | Learned a level 3 spell: Spider Form
  1867 | D:2      | Noticed Sigmund
  1926 | D:2      | HP: 1/28 [something (7)]
  1928 | D:2      | Killed from afar by Sigmund

Illustrated notes

Levels and vault maps discovered:
D:1:      matt_arrival_los_fun, layout_loops_ring
D:2:      layout_loops_cross, nicolae_dithmenos_shadow_blocks,
          kiku_gazebo_pond_becter, fedhas_ov_isle_minmay,
          ebering_dispersal_statue_hall, uniq_sigmund

Skill      XL: |  1  2  3 |
---------------+----------+-----
Transmutations | 3 4 |  4.7
Fighting       | |  1.0
Dodging        | |  2.0
Unarmed Combat | |  3.0
Spellcasting   | |  2.0

Action                   |  1- 3 |  4- 6 || total
-------------------------+-------+-------++-------
Melee: Dagger            |    56 |    21 ||    77
       Constrict         |    18 |     5 ||    23
       Kick              |    16 |       ||    16
       Tentacles         |     5 |     4 ||     9
 Cast: Beastly Appendage |    13 |     2 ||    15
  Use: Potion            |       |     2 ||     2
 Stab: Sleeping          |     1 |     2 ||     3
Armor: Skin              |     4 |     1 ||     5
Dodge: Dodged            |    30 |     9 ||    39

Table legend: (Time is in decaauts)
 A = Elapsed time spent in this place.
 B = Non-inter-level travel time spent in this place.
 C = Inter-level travel time spent in this place.
 D = Time resting spent in this place.
 E = Time spent auto-exploring this place.
 F = Levels seen in this place.
 G = Mean time per level.
                   A        B        C        D        E       F      G
               +--------+--------+--------+--------+--------+-----+--------+
         Total |   1927 |   1912 |     15 |     23 |   1579 |   2 |  963.5 |
       Dungeon |   1927 |   1912 |     15 |     23 |   1579 |   2 |  963.5 |
               +--------+--------+--------+--------+--------+-----+--------+

Top non-repeatable levels by time:
     D:1: 1170 daAuts
     D:2: 756 daAuts
